 Dungeon Crawl Stone Soup version 0.31.0-32-g396128a36d (webtiles) character file.

Game seed: 11766520807356320629

340 PaiMei the Grave Robber (level 6, 0/46 HPs)
             Began as a Demonspawn Necromancer on Apr 1, 2024.
             Killed by divine providence
             ... invoked by an orc priest
              (9 damage)
             ... on level 4 of the Dungeon.
             The game lasted 00:04:36 (3670 turns).

PaiMei the Grave Robber (Demonspawn Necromancer)    Turns: 3670, Time: 00:04:37

Health: 0/46       AC:  5    Str: 14    XL:     6   Next: 30%
Magic:  11/11      EV: 11    Int: 17    God:
Gold:   166        SH:  0    Dex: 14    Spells: 8/12 levels left

rFire   + . .        o - +1 dagger (pain)
rCold   + . .        (no shield)
rNeg    + . .        q - +0 ring mail of Dramatic Exits {rF+ rC+ rN+}
rPois   .            (no helmet)
rElec   .            (no cloak)
rCorr   .            (no gloves)
SInv    .            (no boots)
Will    .....        (no amulet)
Stlth   +            i - +6 ring of strength
HPRegen 0.27/turn    (no ring)
MPRegen 0.12/turn

%: no passive effects
@: no status effects
A: foul stench 1, powered by death 1
a: no special abilities


You were on level 4 of the Dungeon.
You visited 1 branch of the dungeon, and saw 4 of its levels.

You collected 166 gold pieces.

Inventory:

Hand Weapons
 o - a +1 dagger of pain (weapon)
Missiles
 p - 5 poisoned darts (quivered)
Armour
 q - the +0 ring mail of Dramatic Exits (worn) {rF+ rC+ rN+}
   (You found it on level 3 of the Dungeon)

   rF+:       It protects you from fire.
   rC+:       It protects you from cold.
   rN+:       It protects you from negative energy.
Jewellery
 i - a +6 ring of strength (left hand)
Wands
 n - a wand of flame (21)
Scrolls
 d - a scroll of enchant weapon {unknown}
 j - 4 scrolls of identify {unknown}
 k - a scroll of enchant armour {unknown}
Potions
 a - a potion of mutation {unknown}
 b - a potion of magic
 c - a potion of haste {unknown}
 e - 3 potions of curing {unknown}
 f - a potion of enlightenment {unknown}
 g - a potion of ambrosia {unknown}
 h - 2 potions of heal wounds {unknown}
 l - 2 potions of degeneration {unknown}
 m - a potion of berserk rage {unknown}


   Skills:
 + Level 2.5 Fighting
 + Level 3.4 Dodging
 - Level 2.2 Stealth
 + Level 3.5 Spellcasting
 + Level 5.6 Necromancy


You had 8 spell levels left.
You knew the following spells:

 Your Spells              Type           Power      Damage    Failure   Level
a - Necrotise             Necr           88%        1d8       3%          1
b - Vampiric Draining     Necr           22%        2d7       10%         3

Your spell library contained the following spells:

 Spells                   Type           Power      Damage    Failure   Level
 Animate Dead             Necr           22%        N/A       32%         4
 Curse of Agony           Necr           22%        N/A       67%         5
 Dazzling Flash           Conj/Hex       4%         N/A       71%         3
 Volatile Blastmotes      Fire/Tloc      4%         2d10      71%         3
 Starburst                Conj/Fire      1%         6d3       100%        6
 Maxwell's Capacitive Co  Air            1%         ∞         100%        8


Dungeon Overview and Level Annotations

Branches:
Dungeon (4/15)
 Temple: D:4-7

Altars:

Shops:
D:1 *

Annotations:
D:4 3 runed translucent doors, tdove's ghost, amateur OpFi


Innate Abilities, Weirdness & Mutations

You may rarely emit foul miasma when damaged in melee.
You regenerate a little health from kills.


Message History

The orc shouts!
The orc priest hits you with a +0 falchion.
Your hobgoblin skeleton hits the orc wizard but does no damage.
The scorpion stings you.
You are poisoned.
The scorpion poisons you!
The orc wizard attacks as it pursues you!
The orc wizard barely misses you.
You bump into the rock wall.
You feel sick.
Your hobgoblin skeleton crumbles into dust!
The orc priest hits you but does no damage.
The scorpion barely misses you.
You're too confused to move!
You feel sick. The orc wizard closely misses you.
The orc priest hits you with a +0 falchion.
The scorpion closely misses you.
You feel sick. The scorpion stings you.
The orc wizard attacks as it pursues you!
The orc wizard completely misses you. The scorpion stings you.
* * * LOW HITPOINT WARNING * * *
You're too confused to cast spells.
You feel sick.
The orc wizard attacks as it pursues you!
The orc wizard hits you with a +0 dagger.
* * * LOW HITPOINT WARNING * * *
You're too confused to cast spells.
You feel sick.
The orc wizard hits you but does no damage.
You're too confused to cast spells.
You feel sick.
You're too confused to cast spells.
You feel sick.
You are no longer poisoned.
The orc wizard attacks as it pursues you!
The orc wizard hits you but does no damage.
You're too confused to cast spells.
You bump into the rock wall.
You feel less confused.
The orc priest mumbles some strange prayers to Beogh against you.
Beogh smites you!
You die...

#†# #.##[##...+.. #s#
#.##.##...+.. #.#
###..##.##...#(. #.#
#...###.##...#W. #B#
#.## #.##.##### #.# #.#
###....# #.#
#.###.....## .
####.####.##....#.###...
#.....o@........g...Z)#
#.##.#.##.###.####..#...
# #.#o##.###.####.## #
#.†oo.o..........
#[#.#.##.###.##.##
...#........ ...o#
..##.#.#.#.##.# ##g# #.
#...#........ #o# #
#.#.!./..#.#..


You could see an orc priest and 2 orc wizards.

Vanquished Creatures
  A scorpion (D:4)
  A bombardier beetle (D:4)
  An orc priest (D:3)
  A jelly (D:4)
  Natasha (thrice) (D:3)
  5 adders
  A dart slug (D:1)
  5 orcs
  3 bats
  4 endoplasms
  4 giant cockroaches
  5 goblins
  9 hobgoblins
  9 kobolds
  2 quokkas
  A ball python (D:1)
  4 frilled lizards
  A rat (D:2)
60 creatures vanquished.

Vanquished Creatures (collateral kills)
  A goblin (D:3)
  A hobgoblin (D:1)
  A ball python (D:3)
  A kobold (D:4)
4 creatures vanquished.

Grand Total: 64 creatures vanquished

Notes
Turn   | Place    | Note
-------+----------+-------------------------------------------
     0 | D:1      | PaiMei the Demonspawn Necromancer began the quest for the
                  | Orb.
     0 | D:1      | Reached XP level 1. HP: 13/13 MP: 3/3
   193 | D:1      | Gained mutation: You may rarely emit foul miasma when
                  | damaged in melee. [demonic ancestry]
   193 | D:1      | Reached XP level 2. HP: 16/19 MP: 0/5
   292 | D:1      | Found Doam's Assorted Antiques.
  1022 | D:2      | Reached XP level 3. HP: 24/24 MP: 3/6
  1606 | D:2      | Found a faded altar of an unknown god.
  1742 | D:3      | Noticed Natasha
  1752 | D:3      | Killed Natasha
  1753 | D:3      | Reached skill level 1 in Fighting
  1753 | D:3      | Reached XP level 4. HP: 20/32 MP: 0/7
  1838 | D:3      | Learned a level 3 spell: Vampiric Draining
  2006 | D:3      | Noticed Natasha
  2013 | D:3      | Killed Natasha
  2098 | D:3      | Noticed Natasha
  2100 | D:3      | Reached skill level 5 in Necromancy
  2106 | D:3      | Killed Natasha
  2359 | D:3      | Identified the +0 ring mail of Dramatic Exits {rF+ rC+ rN+}
  2398 | D:3      | Reached XP level 5. HP: 37/37 MP: 4/9
  3390 | D:4      | Found a runed translucent gate.
  3391 | D:4      | Found a runed translucent gate.
  3392 | D:4      | Found a runed translucent gate.
  3501 | D:4      | Gained mutation: You regenerate a little health from kills.
                  | [demonic ancestry]
  3501 | D:4      | Reached XP level 6. HP: 46/46 MP: 1/11
  3544 | D:4      | Noticed tdove's ghost (amateur OpFi)
  3670 | D:4      | Killed from afar by an orc priest

Illustrated notes

Levels and vault maps discovered:
D:1:      minmay_arrival_three_doors, layout_basic, serial_shops, shop
D:2:      layout_loops_ring, shapermc_ecumenical_altar_ellora
D:3:      layout_basic, nicolae_overflow_crystal_walls, serial_bayou_pond_a,
          uniq_natasha
D:4:      layout_rooms, ebering_ghost_rock_garden, minmay_diced_spiral

Skill      XL: |  1  2  3  4  5 |
---------------+----------------+-----
Stealth        | 2 |  2.2
Dodging        | 2 3 |  3.4
Fighting       | 1 2 |  2.5
Necromancy     | 5 |  5.6
Spellcasting   | 3 |  3.5

Action                     |  1- 3 |  4- 6 || total
---------------------------+-------+-------++-------
  Melee: Dagger            |    16 |    13 ||    29
   Cast: Necrotise         |    58 |    70 ||   128
         Vampiric Draining |       |     6 ||     6
   Stab: Distracted        |       |     1 ||     1
 Armour: Robe              |    16 |     5 ||    21
         Ring mail         |       |    27 ||    27
  Dodge: Dodged            |    25 |    31 ||    56
